 Dungeon Crawl Stone Soup version 0.26-a0-660-gc07710193c (webtiles) character file.

Game seed: 2327687847403109367

1031 lunkers the Covert (level 8, -5/48 HPs)
             Began as a Kobold Delver on Oct 6, 2020.
             Was a Follower of Uskayaw.
             Slain by an orc warrior
             ... wielding a +0 battleaxe
              (7 damage)
             ... on level 5 of the Dungeon.
             The game lasted 00:09:51 (6985 turns).

lunkers the Covert (Kobold Delver)                  Turns: 6985, Time: 00:09:51

Health: -5/48      AC: 10    Str:  9    XL:     8   Next: 47%
Magic:  8/8        EV: 13    Int: 12    God:    Uskayaw [*.....]
Gold:   197        SH:  0    Dex: 18    Spells: 7/7 levels left

rFire    . . .     SeeInvis +   t - +4 short sword
rCold    . . .     Faith    .   (shield restricted)
rNeg     . . .     Spirit   .   C - +2 ring mail {rPois}
rPois    +         Reflect  .   a - +2 helmet
rElec    .         Harm     .   k - scarf {repulsion}
rCorr    .         Rampage  .   (no gloves)
MR       .....                  (no boots)
Stlth    +++++.....             E - amulet of the acrobat
HPRegen  0.16/turn              r - ring of see invisible
MPRegen  0.11/turn              (no ring)

@: mighty, drained, repel missiles
A: small, nightstalker 3
a: Stomp, Renounce Religion


You were on level 5 of the Dungeon.
You worshipped Uskayaw.
Uskayaw was noncommittal.
You visited 2 branches of the dungeon, and saw 7 of its levels.

You collected 197 gold pieces.

Inventory:

Hand Weapons
 l - a +0 dagger of freezing
 t - a +4 short sword (weapon)
 B - a +1 dagger of draining
Missiles
 y - a throwing net {=f}
Armour
 a - a +2 helmet (worn)
 k - a scarf of repulsion (worn)
 C - a +2 ring mail of poison resistance (worn)
Jewellery
 r - a ring of see invisible (left hand)
 E - an amulet of the acrobat (around neck)
Wands
 g - a wand of digging (3)
 x - a wand of disintegration (2)
Scrolls
 b - a scroll of blinking {unknown}
 c - 4 scrolls of fog
 e - 6 scrolls of identify {unknown}
 h - 2 scrolls of noise {unknown}
 i - 2 scrolls of enchant weapon {unknown}
 p - 7 scrolls of teleportation {unknown}
 q - 3 scrolls of remove curse {unknown}
 u - a scroll of random uselessness {unknown}
 v - a scroll of magic mapping
 w - 2 scrolls of enchant armour {unknown}
 A - 2 scrolls of fear
 D - a scroll of immolation {unknown}
Potions
 d - 3 potions of flight {unknown}
 f - a potion of haste
 j - a potion of stabbing {unknown}
 m - 2 potions of mutation {unknown}
 n - 4 potions of curing {unknown}
 o - 5 potions of heal wounds {unknown}
 z - a potion of degeneration {unknown}


   Skills:
 + Level 4.2(3.3) Fighting
 - Level 8.0(7.0) Short Blades
 + Level 3.8(2.9) Dodging
 + Level 10.5(9.5) Stealth
 + Level 2.8(1.9) Evocations


You had 7 spell levels left.
You didn't know any spells.
Your spell library was empty.

Dungeon Overview and Level Annotations

Branches:
Dungeon (6/15)             Temple (1/1) D:6

Altars:
Ashenzari
Elyvilon
Fedhas
Gozag
Hepliaklqana
Kikubaaqudgha
Makhleb
Nemelex Xobeh
Okawaru
Qazlal
Ru
Sif Muna
Trog
Uskayaw
Vehumet
Wu Jian
Xom
Yredelemnul
Zin
The Shining One

Annotations:
D:2 1 runed translucent door, Crazy Yiuf


Innate Abilities, Weirdness & Mutations

You are small and have problems with some larger weapons.
You are completely attuned to the shadows.


Message History

Evoke which item? (* to show all) (? for menu, Esc to quit)
Okay, then.
You can no longer pass through a line of other dancers.
Evoke which item? (* to show all) (? for menu, Esc to quit)
Okay, then.
You feel very mighty all of a sudden.
The orc warrior hits you with a +0 battleaxe!
* * * LOW HITPOINT WARNING * * *
You hit the orc warrior but do no damage.
You hit the orc warrior.
The orc warrior is moderately wounded.
The orc warrior hits you with a +0 battleaxe!
* * * LOW HITPOINT WARNING * * *
You puncture the orc warrior!
The orc warrior is heavily wounded.
Unknown command.
You hit the orc warrior.
The orc warrior is severely wounded.
The orc warrior hits you with a +0 battleaxe!
You die...

##.#.........####8##.......###.#
##.#.........##⌠_.'.........##)#
##.#.........##⌠_.'..........#.#
#.#..........###P##.........#.##
#.#.(.......## #####...........#
#.#.........# #..............#
##.##.....(.## ##.............#
#...##.....#########........#...#
........[.......@o..............#
....###############.............#
#<.Z# #....[........# #...#
#.............# #####
#..........#### ##........##
##......## ########


You could see an orc warrior.

Vanquished Creatures
  A sky beast (D:2)
  A phantom (D:5)
  2 howler monkeys
  A bullfrog zombie (D:5)
  2 hounds
  4 orc wizards
  2 orc priests (D:5)
  A bullfrog skeleton (D:4)
  2 iguanas
  7 worker ants
  A hound zombie (D:5)
  9 adders
  An ufetubus (D:6)
  2 oozes
  2 adder zombies (D:5)
  2 adder skeletons (D:5)
  3 worms
  7 leopard geckos
  30 orcs
  A ball python (D:6)
  6 giant cockroaches
  7 goblins
  7 hobgoblins
  4 jackals (D:2)
  7 kobolds
  2 quokkas
  A ball python skeleton (D:5)
  4 bats
  9 frilled lizards
  A leopard gecko skeleton (D:5)
  A quokka skeleton (D:4)
  8 rats
138 creatures vanquished.

Notes
Turn   | Place    | Note
-------+----------+-------------------------------------------
     0 | D:5      | lunkers the Kobold Delver began the quest for the Orb.
     0 | D:5      | Reached XP level 1. HP: 14/14 MP: 1/1
     9 | D:4      | Noticed a howler monkey
    14 | D:4      | Killed a howler monkey
    14 | D:4      | Reached skill level 7 in Stealth
    14 | D:4      | Reached XP level 2. HP: 19/19 MP: 2/2
    14 | D:4      | Reached XP level 3. HP: 23/23 MP: 3/3
   565 | D:2      | Reached XP level 4. HP: 28/28 MP: 4/4
  1053 | D:1      | Found a glowing golden altar of the Shining One.
  1598 | D:1      | Reached skill level 8 in Stealth
  1598 | D:1      | Reached XP level 5. HP: 23/32 MP: 5/5
  1837 | D:2      | Found a runed translucent door.
  1840 | D:2      | Noticed Crazy Yiuf
  2165 | D:1      | Reached skill level 5 in Short Blades
  2635 | D:2      | Noticed a sky beast
  2639 | D:2      | Killed a sky beast
  2639 | D:2      | Reached XP level 6. HP: 37/37 MP: 6/6
  3388 | D:3      | Reached skill level 9 in Stealth
  4274 | D:4      | Reached XP level 7. HP: 28/41 MP: 7/7
  5312 | D:5      | Reached skill level 10 in Stealth
  5494 | D:5      | Found a broken altar of Ashenzari.
  5494 | D:5      | Found a sparkling altar of Nemelex Xobeh.
  5562 | D:5      | Reached skill level 1 in Evocations
  5769 | D:5      | Reached XP level 8. HP: 46/46 MP: 8/8
  6319 | D:5      | Found an ornate altar of the Wu Jian Council.
  6491 | D:6      | Found a staircase to the Ecumenical Temple.
  6518 | Temple   | Entered the Ecumenical Temple
  6891 | Temple   | Became a worshipper of Uskayaw the Reveler
  6939 | D:6      | Reached * piety under Uskayaw
  6944 | D:6      | Reached ** piety under Uskayaw
  6983 | D:5      | HP: 2/48 [orc warrior/+0 battleaxe (8)]
  6985 | D:5      | Slain by an orc warrior

Illustrated notes

Levels and vault maps discovered:
D:1:      dpeg_arrival_rooms_with_view, layout_basic, tso_altar
D:2:      layout_basic, uniq_crazy_yiuf_cottage
D:3:      layout_rooms, kennysheep_generic_room_16
D:4:      layout_basic, gup_sewer_entry_spiral, minmay_pentomino_pile
D:5:      layout_rooms, gammafunk_temple_overflow_wave, basic_altar
D:6:      layout_cave_pools, lemuel_round_altar, temple_hall
Temple:   eino_narrow_crystal_temple

Skill      XL: |  1  2  3  4  5  6  7  8 |
---------------+-------------------------+-----
Short Blades   | 4 5 6 8 |  8.0
Stealth        | 7 8 9 10 | 10.5
Evocations     | 1 2 |  2.8
Dodging        | 3 |  3.8
Fighting       | 4 |  4.2

Action                   |  1- 3 |  4- 6 |  7- 9 || total
-------------------------+-------+-------+-------++-------
Melee: Short sword       |     8 |    58 |   224 ||   290
       Dagger            |       |   178 |       ||   178
Evoke: Wand              |       |       |     4 ||     4
  Use: Scroll            |     2 |       |       ||     2
       Potion            |       |       |     1 ||     1
 Stab: Sleeping          |     7 |    31 |    25 ||    63
       Distracted        |     1 |       |     1 ||     2
Armor: Leather armour    |       |    26 |     6 ||    32
       Ring mail         |       |       |    35 ||    35
Dodge: Dodged            |       |   121 |   128 ||   249
       Repelled          |       |       |     1 ||     1

Table legend: (Time is in decaauts)
 A = Elapsed time spent in this place.
 B = Non-inter-level travel time spent in this place.
 C = Inter-level travel time spent in this place.
 D = Time resting spent in this place.
 E = Time spent auto-exploring this place.
 F = Levels seen in this place.
 G = Mean time per level.
                   A        B        C        D        E       F      G
               +--------+--------+--------+--------+--------+-----+--------+
         Total |   6906 |   6662 |    244 |    952 |   4635 |   7 |  986.6 |
       Dungeon |   6517 |   6288 |    229 |    952 |   4359 |   6 | 1086.2 |
        Temple |    388 |    373 |     15 |      0 |    276 |   1 |  388.0 |
               +--------+--------+--------+--------+--------+-----+--------+

Top non-repeatable levels by time:
     D:4: 1843 daAuts
     D:2: 1358 daAuts
     D:1: 1256 daAuts
     D:5: 1066 daAuts
     D:3: 891 daAuts
  Temple: 388 daAuts
     D:6: 101 daAuts
